 Dungeon Crawl Stone Soup version 0.20-a0-710-g71b569a (webtiles) character file.

210 polly the Slasher (level 5, 29/39 HPs)
             Began as a Demonspawn Gladiator on Feb 22, 2017.
             Quit the game on level 3 of the Dungeon.
             The game lasted 00:03:38 (2343 turns).

polly the Slasher (Demonspawn Gladiator)            Turns: 2343, Time: 00:03:39

Health: 29/39      AC:  3    Str: 11    XL:     5   Next: 57%
Magic:  5/5        EV: 13    Int: 10    God:
Gold:   83         SH:  0    Dex: 14    Spells: 4/4 levels left

rFire    . . .     SeeInvis .   a - +1 long sword
rCold    + . .     Gourm    .   i - +0 leather armour (curse)
rNeg     . . .     Faith    .   (no shield)
rPois    .         Spirit   .   (helmet restricted)
rElec    .         Reflect  .   r - scarf {rC+}
rCorr    .         Harm     .   (no gloves)
MR       .....                  (no boots)
Stlth    ++........             (no amulet)
Regen    0.2/turn               c - -4 ring of strength (curse)
MPRegen  0.1/turn               x - ring of stealth

@: no status effects
A: antennae 1, demonic guardian 1, rot immunity, sanguine armour 1
a: no special abilities


You were on level 3 of the Dungeon.
You were hungry.

You visited 1 branch of the dungeon, and saw 3 of its levels.

You collected 83 gold pieces.

Inventory:

Hand Weapons
 a - a +1 long sword (weapon)
Missiles
 d - 5 throwing nets (quivered)
Armour
 i - a cursed +0 leather armour (worn)
 r - a scarf of cold resistance (worn)
 w - a +2 ring mail of fire resistance
Jewellery
 c - a cursed -4 ring of strength (right hand)
 x - a ring of stealth (left hand)
Wands
 v - a wand of polymorph (7/24)
Scrolls
 e - 2 scrolls of recharging
 j - 6 scrolls of identify
 n - 3 scrolls of teleportation
Potions
 b - a potion of heal wounds {unknown}
 l - 3 potions of curing {unknown}
 o - a potion of might {unknown}
 p - a potion of berserk rage {unknown}
 q - a potion of brilliance {unknown}
 s - a potion of mutation {unknown}
Comestibles
 f - 2 bread rations
 g - 4 fruits
 h - 2 meat rations
 m - 2 royal jellies


   Skills:
 + Level 2.7 Fighting
 + Level 4.5 Long Blades
 + Level 1.8 Throwing
 + Level 1.5 Armour
 + Level 3.2 Dodging
 + Level 1.0 Stealth


You had 4 spell levels left.
You didn't know any spells.

Dungeon Overview and Level Annotations

Branches:
Dungeon (3/15)

Altars:


Innate Abilities, Weirdness & Mutations

You have a pair of small antennae on your head.
A weak demonic guardian rushes to your aid.
You are immune to rotting.
When seriously injured, your bleeding wounds create armour. (AC +0)


Message History

The goblin barely misses you.
You hit the goblin.
You kill the goblin!
No target in view!
No target in view!
No target in view!
No target in view!
No target in view!
No target in view!
No target in view!
No target in view!
No target in view!
No target in view!
No target in view!
No target in view!
No target in view!
No target in view!
No target in view!
No target in view!
Are you sure you want to abandon this character and quit the game? (Confirm with "yes".)

#.......# #.......#
#.......# #........
#.......# #.......#
#.....).########
##@.........
#####.........).....
.....................
####.................
#...............#
######..............>#.
#......................
#.................(...#
#......................


There were no monsters in sight!

Vanquished Creatures
  Terence (D:2)
  Natasha (D:2)
  2 adders (D:2)
  2 gnolls (D:2)
  2 worms (D:2)
  A leopard gecko (D:2)
  2 orcs (D:3)
  5 giant cockroaches
  6 hobgoblins
  8 jackals (D:2)
  3 bats (D:1)
  5 frilled lizards
  8 goblins
  4 kobolds
  12 rats
62 creatures vanquished.

Vanquished Creatures (collateral kills)
  An orc wizard (D:3)
  Natasha (twice) (D:2)
  A gnoll (D:2)
4 creatures vanquished.

Grand Total: 66 creatures vanquished

Notes
Turn   | Place    | Note
-------+----------+-------------------------------------------
     0 | D:1      | polly the Demonspawn Gladiator began the quest for the Orb.
     0 | D:1      | Reached XP level 1. HP: 16/16 MP: 1/1
   135 | D:1      | Reached skill level 3 in Long Blades
   161 | D:1      | Gained mutation: A weak demonic guardian rushes to your aid. [demonic ancestry]
   161 | D:1      | Reached XP level 2. HP: 7/22 MP: 2/2
   893 | D:2      | Gained mutation: When seriously injured, your bleeding wounds create armour. (AC +0) [demonic ancestry]
   893 | D:2      | Reached XP level 3. HP: 22/27 MP: 3/3
   933 | D:2      | Gained mutation: You have a pair of small antennae on your head. [demonic ancestry]
   933 | D:2      | Reached XP level 4. HP: 5/34 MP: 4/4
  1385 | D:2      | Noticed Natasha
  1396 | D:2      | Killed Natasha
  1396 | D:2      | Reached skill level 1 in Armour
  1498 | D:2      | Reached skill level 4 in Long Blades
  1667 | D:2      | Noticed Natasha
  1671 | D:2      | Killed Natasha
  1694 | D:2      | Gained mutation: You are immune to rotting. [demonic ancestry]
  1694 | D:2      | Reached XP level 5. HP: 31/39 MP: 5/5
  1845 | D:2      | Noticed Terence
  1872 | D:2      | Killed Terence
  1874 | D:2      | Noticed Natasha
  1883 | D:2      | Killed Natasha
  2307 | D:3      | Reached skill level 1 in Stealth
  2343 | D:3      | Quit the game

Vault maps used:
D:1:      minmay_arrival_four_circles
D:2:      uniq_natasha, uniq_terence
D:3:      chequers_ecumenical_altar_simple_redux

Skill      XL: |  1  2  3  4  5 |
---------------+----------------+-----
Long Blades    | 3 4 |  4.5
Dodging        | 3 |  3.2
Armour         | 1 |  1.5
Stealth        | 1 |  1.0
Fighting       | |  2.7
Throwing       | |  1.8

Action                   |  1- 3 |  4- 6 || total
-------------------------+-------+-------++-------
Melee: Long sword        |    93 |   123 ||   216
  Use: Scroll            |       |     5 ||     5
 Stab: Sleeping          |     2 |     2 ||     4
  Eat: Chunk             |       |     4 ||     4
Armor: Leather armour    |    35 |    28 ||    63
Dodge: Dodged            |    70 |    69 ||   139
       Rpst.: Long sword |    18 |    20 ||    38
